 Dungeon Crawl Stone Soup version 0.17-a0-1533-g2f57bce (webtiles) character file.

21333 Raurakos the Severer (level 12, -14/106 HPs)
             Began as a Hill Orc Gladiator on July 14, 2015.
             Was a Believer of Ru.
             Demolished by an ice devil (28 damage)
             ... summoned by a kobold demonologist
             ... on level 10 of the Dungeon on July 16, 2015.
             The game lasted 01:42:52 (21621 turns).

Raurakos the Severer (Hill Orc Gladiator)          Turns: 21621, Time: 01:42:52

Health: -14/106    AC: 14    Str: 19      XL:     12   Next: 88%
Magic:  12/12      EV:  5    Int:  8      God:    Ru [**....]
Gold:   1001       SH:  0    Dex: 20 (21) Spells: 0 memorised, 11 levels left

rFire  . . .     SeeInvis .     E - +0 hand axe (venom)
rCold  . . .     Clarity  .     N - +0 plate armour
rNeg   . . .     SustAt   .     (no shield)
rPois  .         Gourm    .     c - +0 helmet
rElec  .         Spirit   .     S - +0 cloak
rCorr  .         Warding  .     w - +0 pair of gloves (curse)
rMut   .         Stasis   .     o - +0 pair of boots
MR     +....                    (no amulet)
Stlth  ..........               K - +6 ring of dexterity
                                r - ring of protection from magic

@: no potions, very heavily drained, somewhat resistant to hostile enchantments,
extremely unstealthy
A: inability to drink while threatened, hated by all
a: Renounce Religion


You were on level 10 of the Dungeon.
You worshipped Ru.
Ru was pleased with you.
You were very hungry.

You visited 4 branches of the dungeon, and saw 17 of its levels.
You also visited: Labyrinth and Ossuary.

You collected 1001 gold pieces.

Inventory:

Hand weapons
 a - a +3 battleaxe
 b - a +0 blowgun
 E - a +0 hand axe of venom (weapon)
Missiles
 d - 4 throwing nets
 e - 95 stones (quivered)
 n - 84 poisoned needles
 u - 11 javelins
 y - 4 curare-tipped needles
Armour
 c - a +0 helmet (worn)
 o - a +0 pair of boots (worn)
 w - a cursed +0 pair of gloves (worn)
 N - a +0 plate armour (worn)
 S - a +0 cloak (worn)
Rods
 m - a +1 rod of destruction (9/9)
   (You took it off a minotaur in a labyrinth)
Jewellery
 r - a ring of protection from magic (left hand)
 x - the ring of Optimism {rPois rF+ Int+7 Slay-5}
   (You took it off a minotaur in a labyrinth)

   [ring of protection from fire]

   It affects your intelligence (+7).
   It affects your accuracy and damage with ranged weapons and melee attacks
   (-5).
   It protects you from fire.
   It protects you from poison.
 H - an uncursed ring of ice
 K - a +6 ring of dexterity (right hand)
Magical devices
 q - a wand of teleportation (2)
 z - a wand of teleportation (5)
 Q - a wand of draining (7)
 X - a wand of slowing (26)
Scrolls
 h - 5 scrolls of remove curse
 i - a scroll of identify
 j - a scroll of teleportation
 p - a scroll of holy word
 t - 2 scrolls of recharging
 F - 5 scrolls of blinking
 G - a scroll of fog
Potions
 f - 3 potions of haste
 k - 4 potions of agility
 s - 4 potions of flight
 v - 5 potions of heal wounds
 A - a potion of resistance
 B - 4 potions of curing
 C - 3 potions of berserk rage
 O - 3 potions of cancellation
Comestibles
 g - 13 bread rations
 l - a meat ration


   Skills:
 - Level 10.1(0.0) Fighting
 - Level 20.0(2.6) Axes
 - Level 2.0(0.0) Throwing
 + Level 9.2(0.0) Armour
 - Level 5.0(0.0) Dodging


You had 11 spell levels left.
You didn't know any spells.

Dungeon Overview and Level Annotations

Branches:
Dungeon (12/15)            Temple (1/1) D:5            Lair (3/8) D:11
    Orc (1/4) D:11
  Swamp: Lair:3-6    Shoals: Lair:3-6     Snake: Lair:3-6    Spider: Lair:3-6

Altars:
Ashenzari
Cheibriados
Dithmenos
Elyvilon
Fedhas
Gozag
Kikubaaqudgha
Makhleb
Nemelex Xobeh
Okawaru
Qazlal
Ru
Sif Muna
Trog
Vehumet
Xom
Yredelemnul
Zin
The Shining One

Shops:
D:4 :

Annotations:
D:2 Ijyb
D:4 Alipheese's ghost, experienced NaFi
D:8 Erica
D:12 1 runed door
Lair:2 Sonja
Orc:1 Erolcha; Snorg


Innate Abilities, Weirdness & Mutations

You cannot drink potions while threatened.
You are hated by all.


Message History

The kobold demonologist is severely wounded.
You hit the ice devil but do no damage.
The ice devil looks even sicker.
The ice devil is lightly wounded.
The kobold demonologist miscasts a cantrip.
The ice devil hits you but does no damage.
You hit the kobold demonologist.
The kobold demonologist is severely wounded.
You hit the ice devil but do no damage.
The kobold demonologist miscasts a cantrip.
The ice devil hits you but does no damage. x2
The kobold demonologist hits you but does no damage.
You barely miss the kobold demonologist.
The kobold demonologist is almost dead.
You hit the ice devil but do no damage.
The ice devil looks even sicker.
The ice devil is lightly wounded.
The kobold demonologist hits you but does no damage.
The ice devil hits you.
* * * LOW HITPOINT WARNING * * *
The ice devil freezes you!!
You die...

.................................
..########..######.........<.....
..# #..# #............... ..#
#..# #............... ).# #..#
#............... ..# #..#
#...............
..########..######...............
..............53[................
..............3K@................
#####..#####..####..####..#######
# #..# #..# #..# #..# # # #..#
#..# #..# #..# # # #..# #..# #..#
#..# # # #..# #..# #..# #..# # #
#..# #..# #..# #..# # #
#..#####..# #..# #..# #
#####..#......####..####..#######


You could see an ice devil, a kobold demonologist, a neqoxec and a quasit.

Vanquished Creatures
  A minotaur (Lab)
  Urug (D:11)
  3 hill giants
  2 cyclopes
  2 ugly things
  A black mamba (Lair:2)
  3 spiny frogs
  A gargoyle (D:12)
  A fire drake (Lair:2)
  3 komodo dragons
  3 trolls
  3 slime creatures
  A wyvern (D:11)
  A spriggan (D:8)
  2 shadows
  A basilisk (D:11)
  22 yaks
  4 hippogriffs
  A soldier ant (D:11)
  4 porcupines
  4 water moccasins
  A wasp (D:9)
  5 orc warriors
  2 sky beasts (D:8)
  2 necrophages
  2 black bears
  7 crocodiles
  4 centaurs
  2 ice beasts
  2 ogres
  5 phantoms
  6 giant frogs
  3 big kobolds
  A gnoll sergeant (D:4)
  16 killer bees
  6 water moccasin zombies
  3 jellies
  3 scorpions
  A vampire bat (Lair:3)
  16 wights
  4 crimson imps
  A quasit (D:9)
  A centaur zombie (D:9)
  A centaur skeleton (D:11)
  10 orc priests
  7 hounds
  A giant frog skeleton (D:10)
  A gnoll shaman (D:4)
  6 iguanas
  7 orc wizards
  10 worker ants
  A big kobold zombie (Ossuary)
  3 mummies
  2 hound skeletons
  13 adders
  39 gnolls
  44 river rats
  2 shadow imps
  3 oozes
  An adder skeleton (D:7)
  6 adder zombies
  A worm (D:3)
  7 giant geckos
  56 orcs
  2 ball pythons
  4 giant cockroaches
  12 goblins
  27 hobgoblins
  27 jackals
  37 kobolds
  3 quokkas
  19 bats
  A giant gecko skeleton (D:6)
  7 giant newts
  2 gnoll zombies (Ossuary)
  5 hobgoblin zombies (Ossuary)
  3 kobold zombies (Ossuary)
  3 orc zombies (Ossuary)
  A quokka zombie (D:7)
  8 rats
  2 fungi (Lair:2)
541 creatures vanquished.

Vanquished Creatures (others)
  A big kobold (D:12)
  An orc (D:4)
  A fungus (Lair:2)
3 creatures vanquished.

Grand Total: 544 creatures vanquished

Notes
Turn   | Place    | Note
--------------------------------------------------------------
     0 | D:1      | Raurakos the Hill Orc Gladiator began the quest for the Orb.
     0 | D:1      | Reached XP level 1. HP: 18/18 MP: 1/1
   140 | D:1      | Reached XP level 2. HP: 25/25 MP: 2/2
   250 | D:1      | Reached skill level 5 in Axes
   361 | D:1      | Reached XP level 3. HP: 27/30 MP: 3/3
   747 | D:2      | Noticed Ijyb
   819 | D:3      | Reached skill level 6 in Axes
   884 | D:3      | Reached XP level 4. HP: 14/37 MP: 4/4
  1545 | D:2      | Reached skill level 7 in Axes
  1708 | D:2      | Reached XP level 5. HP: 40/42 MP: 5/5
  2387 | D:3      | Reached skill level 8 in Axes
  2810 | D:3      | Reached XP level 6. HP: 49/51 MP: 6/6
  2997 | D:3      | Upgraded the game from 0.17-a0-1522-g6c5b4ba to 0.17-a0-1528-gfee3901
  3147 | D:4      | Reached skill level 5 in Fighting
  3172 | D:4      | Found a sand-covered staircase.
  3264 | Ossuary  | Entered an ossuary
  3296 | Ossuary  | Reached XP level 7. HP: 50/61 MP: 7/7
  3880 | D:4      | Noticed Alipheese's ghost (experienced NaFi)
  4004 | D:4      | Reached skill level 5 in Armour
  4311 | D:4      | Found Eguur's Book Boutique.
  4678 | D:4      | Reached XP level 8. HP: 68/68 MP: 8/8
  4686 | D:4      | Reached skill level 9 in Axes
  5208 | D:4      | Reached skill level 10 in Axes
  5522 | D:5      | Entered Level 5 of the Dungeon
  5531 | D:5      | Got a bloodstained long sword
  5532 | D:5      | Identified the cursed +0 long sword "Feyraekk" {venom, Dex+4} (You found it on level 5 of the Dungeon)
  5593 | D:5      | Got a crystal dagger
  5594 | D:5      | Identified the +5 dagger "Zijur" {venom, +Blink Int+4 Dex+5} (You found it on level 5 of the Dungeon)
  5803 | D:5      | Found a staircase to the Ecumenical Temple.
  5813 | Temple   | Entered the Ecumenical Temple
  5826 | Temple   | Became a worshipper of Ru the Awakened
  6903 | D:6      | Reached XP level 9. HP: 68/82 MP: 9/9
  7564 | D:7      | Got a fine long sword
  7577 | D:7      | Identified the +8 long sword "Domead" {holy, *Confuse Int+6 Stlth+} (You found it on level 7 of the Dungeon)
  7631 | D:7      | Reached skill level 10 in Fighting
  8181 | D:7      | Found a blossoming altar of Fedhas.
  9100 | D:8      | Found a sparkling altar of Nemelex Xobeh.
  9101 | D:8      | Found a shimmering altar of Xom.
  9101 | D:8      | Found a shadowy altar of Dithmenos.
  9130 | D:8      | Found an iron altar of Okawaru.
  9151 | D:8      | Noticed Erica
  9548 | D:8      | Reached skill level 11 in Axes
  9811 | D:8      | Upgraded the game from 0.17-a0-1528-gfee3901 to 0.17-a0-1533-g2f57bce
 10037 | D:8      | Reached XP level 10. HP: 85/93 MP: 10/10
 10046 | D:8      | Reached skill level 12 in Axes
 10546 | D:8      | Reached skill level 13 in Axes
 11425 | D:9      | Reached skill level 14 in Axes
 11557 | D:9      | Gained mutation: You are hated by all. [Ru sacrifice]
 11557 | D:9      | Acquired Ru's first power
 11903 | D:10     | Entered Level 10 of the Dungeon
 11942 | D:10     | Noticed a hill giant
 11979 | D:10     | Killed a hill giant
 12144 | D:10     | Got a scorched mace
 12243 | D:10     | Found a stormy altar of Qazlal.
 12266 | D:10     | Noticed a hill giant
 12317 | D:9      | Reached skill level 15 in Axes
 12439 | D:9      | Killed a hill giant
 12439 | D:9      | Reached XP level 11. HP: 76/99 MP: 11/11
 12756 | D:11     | Found a staircase to the Orcish Mines.
 13078 | D:11     | Found an opulent altar of Gozag.
 13243 | D:11     | Reached skill level 16 in Axes
 13265 | D:11     | Reached skill level 5 in Dodging
 13531 | D:11     | Gained mutation: You cannot drink potions while threatened. [Ru sacrifice]
 13531 | D:11     | Acquired Ru's second power
 13703 | D:11     | Found a staircase to the Lair.
 13917 | D:11     | Noticed a hill giant
 14417 | D:11     | Killed a hill giant
 15203 | D:12     | Reached skill level 17 in Axes
 15342 | D:12     | Found a labyrinth entrance.
 15349 | Lab      | Entered a labyrinth
 15593 | Lab      | Noticed a minotaur
 15623 | Lab      | Killed a minotaur
 15623 | Lab      | Reached XP level 12. HP: 39/106 MP: 12/12
 15625 | Lab      | Got a coiled amber ring
 15626 | Lab      | Got a twisted longbow
 15648 | Lab      | Got a pitted mace
 15759 | D:12     | Noticed Urug
 15799 | D:11     | Identified the ring of Optimism {rPois rF+ Int+7 Slay-5} (You took it off a minotaur in a labyrinth)
 15831 | D:11     | Killed Urug
 15831 | D:11     | Reached skill level 18 in Axes
 16219 | D:12     | Found a runed door.
 16219 | D:12     | Noticed a deep troll earth mage
 16219 | D:12     | Noticed a frost giant
 16220 | D:12     | Noticed a frost giant
 16220 | D:12     | Noticed a fire giant
 16278 | D:12     | Noticed a five-headed hydra
 16495 | Lair:1   | Entered Level 1 of the Lair of Beasts
 16837 | Lair:1   | Reached skill level 19 in Axes
 16885 | Lair:1   | Identified Vehumet's Tome of Confrontation
 18016 | Lair:2   | Noticed Sonja
 18016 | Lair:2   | Paralysed by Sonja for 3 turns
 18644 | Lair:2   | Identified a +1 rod of destruction (9/9) (You took it off a minotaur in a labyrinth)
 19041 | Lair:2   | Reached skill level 20 in Axes
 19317 | Lair:3   | Found a snail-covered altar of Cheibriados.
 19615 | Lair:3   | Noticed a seven-headed hydra
 19852 | Orc:1    | Entered Level 1 of the Orcish Mines
 19852 | Orc:1    | Noticed Erolcha
 20149 | D:11     | HP: 1/106 [cyclops (25)]
 20672 | Orc:1    | Noticed Snorg
 21621 | D:10     | Demolished by an ice devil

Vault maps used:
D:1:      dpeg_arrival_court
D:2:      first_bread, kennysheep_boxes, uniq_iyjb
D:3:      minmay_cut_off
D:4:      lemuel_castle_with_subvaults, gup_ossuary_entry_pyramid, serial_shops,
          shop_fountains
D:5:      minmay_temple_entry_trees
D:7:      lemuel_coloured_pillars_altar
D:8:      nicolae_overflow_hidden_temple, grunt_temple_overflow_open,
          the_bakery, st_stairs_14, uniq_erica
D:10:     basic_altar
D:11:     dpeg_lair_monsters, hangedman_abyss_or_decor_lesser_grid,
          nicolae_gozag_seed_capital
D:12:     lab_entry_generic, minmay_hidden_floor, uniq_urug
Temple:   water_room_temple_a_12
Lair:1:   st_stairs_9, infiniplex_staircase_pool_2
Lair:2:   uniq_sonja
Lair:3:   basic_altar, minivault_23, roderic_batcave, lemuel_old_faithful,
          serial_bayou_shore_b
Orc:1:    amalloy_card_club, uniq_erolcha, uniq_snorg
Lab:      labyrinth_spiral, nicolae_lab_stuck, nicolae_lab_quarters
Ossuary:  ossuary_tomb_2

Action                   |  1- 3 |  4- 6 |  7- 9 | 10-12 || total
-------------------------+-------+-------+-------+-------++-------
Melee: War axe           |    92 |   203 |   701 |   250 ||  1246
       Battleaxe         |       |       |    17 |   645 ||   662
       Dagger            |       |       |     5 |       ||     5
       Hand axe          |       |       |       |    99 ||    99
 Fire: Blowgun           |       |     5 |    26 |    73 ||   104
Throw: Stone             |       |       |    68 |    14 ||    82
       Javelin           |       |       |     7 |       ||     7
       Throwing net      |       |       |     2 |       ||     2
Invok: Reject Sacrifices |       |       |     1 |     2 ||     3
       Sacrifice Love    |       |       |       |     1 ||     1
       Sacrifice Drink   |       |       |       |     1 ||     1
Evoke: Wand              |       |       |     2 |       ||     2
       Rod               |       |       |       |     4 ||     4
  Use: Scroll            |       |     5 |     9 |    19 ||    33
       Potion            |       |       |     1 |     2 ||     3
 Stab: Invisible         |       |       |       |     7 ||     7
       Distracted        |       |       |       |     1 ||     1
  Eat: Chunk             |       |     3 |    19 |    30 ||    52
       Bread ration      |       |     1 |       |     1 ||     2
       Beef jerky        |       |       |     3 |     1 ||     4
       Pizza             |       |       |       |     1 ||     1
